 Dungeon Crawl Stone Soup version 0.26.1-11-gd32895ea62 (webtiles) character file.

Game seed: 16244103523782091390

161112 Amplified the Warrior (level 17, -17/303 HPs)
             Began as an Ogre Berserker on May 12, 2021.
             Was a High Priest of Trog.
             Killed from afar by a manticore (20 damage)
             ... with a volley of spikes
             ... on level 2 of the Shoals.
             The game lasted 00:55:23 (44794 turns).

Amplified the Warrior (Ogre Berserker)             Turns: 44794, Time: 00:55:23

Health: -17/303    AC: 18    Str: 46    XL:     17   Next: 78%
Magic:  5/5        EV: 12    Int:  8    God:    Trog [*****.]
Gold:   161        SH:  0    Dex:  7    Spells: 16/16 levels left

rFire    + + .     SeeInvis .   O - +5 battleaxe (antimagic)
rCold    x . .     Faith    .   (shield currently unavailable)
rNeg     . . .     Spirit   .   q - +4 fire dragon scales
rPois    +         Reflect  .   Q - +2 hat
rElec    .         Harm     .   (no cloak)
rCorr    .         Rampage  .   (gloves unavailable)
Will     +++..                  (boots unavailable)
Stlth    ..........             w - amulet "Esied" {RegenMP rPois Will++ Str+10 Dex-3}
HPRegen  0.60/turn              H - +6 ring of strength
MPRegen  0.34/turn              i - ring of the Thistle {Dex+2 Stlth+}

@: berserking, barbed spikes, hasted, slow
A: large, unfitting armour, tough skin 1
a: Renounce Religion, Berserk, Trog's Hand, Brothers in Arms


You were on level 2 of the Shoals.
You worshipped Trog.
Trog was extremely pleased with you.
You visited 6 branches of the dungeon, and saw 28 of its levels.
You visited 1 bazaar.
You also visited: Bailey and Ice Cave.

You collected 2680 gold pieces.
You spent 2519 gold pieces at shops.

Inventory:

Hand Weapons
 a - the +8 flail of the Muttering Lamprey {vorpal, rC+}
   (You bought it in a shop on level 5 of the Dungeon)

   It inflicts extra damage upon your enemies.
   It protects you from cold.
 l - the +7 battleaxe of Ashruheit {freeze, Stlth+}
   (You bought it in a shop in a bazaar)

   It has been specially enchanted to freeze those struck by it, causing extra
   injury to most foes and up to half again as much damage against particularly
   susceptible opponents.
   It can also slow down cold-blooded creatures.
   It makes you more stealthy.
 A - a +0 giant spiked club of freezing
 O - a +5 antimagic battleaxe (weapon)
Missiles
 b - 16 curare-tipped darts (quivered)
 c - 2 throwing nets
 d - 53 poisoned darts
 r - 2 silver javelins
Armour
 g - a +2 troll leather armour
 q - +4 fire dragon scales (worn)
 z - a +0 robe of willpower
 Q - a +2 hat (worn)
Jewellery
 i - the ring of the Thistle (right hand) {Dex+2 Stlth+}
   (You took it off an orc priest on level 10 of the Dungeon)

   [ring of stealth]

   It affects your dexterity (+2).
   It makes you more stealthy.
 o - the ring of the Hippo {Ice Str+4}
   (You bought it in a shop on level 1 of the Orcish Mines)

   [ring of ice]

   It enhances your ice magic.
   It affects your strength (+4).
   It makes you vulnerable to fire.
   It protects you from cold.
 p - an uncursed ring of ice
 w - the amulet "Esied" (around neck) {RegenMP rPois Will++ Str+10 Dex-3}
   (You found it on level 8 of the Dungeon)

   [amulet of magic regeneration]

   It increases your magic regeneration.
   It affects your strength (+10).
   It affects your dexterity (-3).
   It protects you from poison.
   It affects your willpower, your defense against some magical effects.
 H - a +6 ring of strength (left hand)
 P - an uncursed amulet of reflection
Wands
 n - a wand of digging (7)
 t - a wand of polymorph (27)
 v - a wand of iceblast (18)
 x - a wand of flame (12)
 y - a wand of paralysis (17)
 D - a wand of random effects (40)
 T - a wand of disintegration (5)
Scrolls
 e - 17 scrolls of remove curse
 u - a scroll of torment
 F - 11 scrolls of identify
 K - 2 scrolls of fog
 R - a scroll of magic mapping
Potions
 f - a potion of might
 h - 3 potions of attraction
 j - 6 potions of brilliance
 k - a potion of flight
 E - 2 potions of berserk rage
 G - a potion of mutation
 I - 2 potions of ambrosia
 J - 2 potions of haste
 L - 2 potions of cancellation
Miscellaneous
 m - a phial of floods
 s - a box of beasts
 B - a tin of tremorstones (2/2)
 N - a condenser vane (inert)


   Skills:
 * Level 20.3 Fighting
 * Level 15.8(16.0) Axes
 - Level 4.2(10.7) Maces & Flails
 + Level 10.0 Armour
 + Level 11.2 Dodging
 * Level 11.4 Evocations


You had 16 spell levels left.
You didn't know any spells.
Your spell library contained the following spells:

 Spells                   Type           Power        Failure   Level
 Sting                    Tmut/Pois      0%           56%         1
 Passwall                 Tmut/Erth      0%           71%         2
 Poisonous Vapours        Pois/Air       0%           71%         2
 Conjure Flame            Conj/Fire      0%           91%         3
 Mephitic Cloud           Conj/Pois/Air  0%           91%         3
 Spider Form              Tmut/Pois      0%           91%         3
 Summon Guardian Golem    Hex/Summ       0%           91%         3
 Cause Fear               Hex            0%           100%        4
 Silence                  Hex/Air        0%           100%        5
 Summon Mana Viper        Hex/Summ       0%           100%        5
 Yara's Violent Unravell  Hex/Tmut       0%           100%        5
 Freezing Cloud           Conj/Ice/Air   0%           100%        6
 Hydra Form               Tmut           0%           100%        6
 Discord                  Hex            0%           100%        8


Dungeon Overview and Level Annotations

Branches:
Dungeon (15/15)            Temple (0/1) D:5            Lair (6/6) D:11
 Shoals (2/4) Lair:3       Spider (2/4) Lair:2        Slime (0/5) Lair:6
    Orc (2/2) D:10            Elf (1/3) Orc:2        Vaults (0/5) D:14
 Depths (0/5) D:15         Bailey (visited)           IceCv (visited)

Altars:
Ashenzari
Cheibriados
Dithmenos
Kikubaaqudgha
Makhleb
Nemelex Xobeh
Qazlal
Ru
Sif Muna
Xom
Jiyva

Shops:
D:5 *!(==   D:9 !   Orc:1 *   Orc:2 [?}?

Portals:
Hell: Lair:6

Annotations:
D:1 Check digging
Spider:2 Arachne
Orc:1 Get ring


Innate Abilities, Weirdness & Mutations

You are too large for most types of armour.
You have tough skin. (AC +1)


Message History

Trog accepts your kill.
A harpy comes into view.
The merfolk hits you from afar with a +0 trident.
* * * LOW HITPOINT WARNING * * *
Unknown command.
Unknown command.
Unknown command.
You feel a strong urge to attack something.
The manticore flicks its tail.
The volley of spikes hits you but does no damage.
The merfolk hits you from afar with a +0 trident!
* * * LOW HITPOINT WARNING * * *
Unknown command.
Unknown command.
You enter the shallow water.
Moving in this stuff is going to be slow.
The manticore flicks its tail.
The volley of spikes hits you!!
The barbed spikes become lodged in your body.
You die...

,,,,,≈≈≈,,******,≈≈≈≈<***≈≈≈≈≈≈≈≈
***,,,≈≈,** *..≈≈...≈,≈≈≈≈≈≈≈≈≈
,***,,,≈.#######≈≈≈...≈,≈≈≈≈≈≈≈≈≈
,,,,,,≈..........≈..≈≈≈≈≈≈≈≈≈≈≈≈≈
≈,,,,≈≈≈≈≈≈≈≈≈≈≈≈..<≈≈,≈≈≈≈≈≈≈≈≈≈
,,,,≈≈≈≈≈≈≈≈≈≈≈≈≈..,,≈,,≈≈≈≈,,≈≈≈
,,,,,≈≈≈≈≈≈≈≈≈≈≈≈.#*,,..≈≈≈≈,*,≈≈
,**,,.≈≈≈≈≈≈≈≈≈≈≈.#**..≈≈≈≈≈,,,,≈
,***,.≈≈≈≈≈≈≈H≈≈@≈###..≈≈≈≈,≈≈≈≈≈
,,,,≈≈≈≈≈≈≈≈≈H≈.≈≈≈≈..≈≈≈≈≈,,≈≈≈≈
,,,,,≈≈≈≈≈≈≈≈≈≈..≈≈≈≈≈≈≈≈≈.≈≈≈≈≈≈
,≈≈≈≈≈≈≈≈≈≈≈†≈≈m.≈≈≈≈≈≈≈.#,,>≈≈≈≈
≈≈≈≈≈≈≈≈≈≈≈≈≈≈≈m≈≈≈≈≈≈≈≈≈##,≈≈≈≈≈
≈≈≈≈≈≈≈≈≈≈≈≈≈H≈≈≈.)≈≈≈≈≈≈≈≈≈≈≈≈≈≈
≈≈≈≈≈≈≈≈≈≈≈≈≈(H...≈≈≈≈≈≈≈≈≈≈≈≈≈≈≈
≈≈≈≈≈≈≈≈≈≈≈≈≈..##.≈≈≈≈≈≈≈≈≈≈≈≈≈≈≈
≈≈≈≈≈≈≈≈≈≈≈≈.t#####!...≈≈≈≈≈≈≈≈≈≈


You could see a merfolk, 2 manticores, a merfolk siren and 2 harpies.

Vanquished Creatures
  A fire giant (D:15)
  A ghost moth (Spider:1)
  A reaper (IceCv)
  A deep elf annihilator (Elf:1)
  A yaktaur captain (D:14)
  4 ogre magi (Orc:2)
  A fire dragon (D:12)
  4 boulder beetles
  A catoblepas (Lair:3)
  8 hydras
  Erica (D:9)
  2 alligator snapping turtles (Shoals:1)
  6 centaur warriors
  2 merfolk avatars (Shoals:1)
  15 two-headed ogres
  A tengu warrior (D:13)
  4 death yaks
  A dancing weapon (Elf:1)
  Sonja (Orc:2)
  3 deep elf knights (Elf:1)
  Nergalle (Lair:3)
  5 skeletal warriors (D:15)
  A sixfirhy (Lair:6)
  3 unseen horrors
  A wizard (Lair:6)
  A deep elf archer (Elf:1)
  6 sea snakes
  8 harpies
  7 orc knights
  4 fauns (Shoals:1)
  3 orb spiders (Spider:1)
  28 ugly things
  10 wolf spiders (Spider:1)
  21 deep elf magi
  4 manticores
  20 elephants
  An orc sorcerer (Orc:1)
  3 cyclopes
  2 merfolk sirens
  2 water nymphs (Shoals:1)
  2 orange demons (Lair:6)
  A centaur zombie (D:15)
  A torpor snail (Lair:6)
  2 ice statues (IceCv)
  3 black mambas
  18 cane toads
  A smoke demon (Lair:6)
  A freezing wraith (D:14)
  3 kobold demonologists
  6 rime drakes
  4 komodo dragons
  2 yaktaurs (D:14)
  4 demonic crawlers (Spider:1)
  12 ice devils
  A tengu conjurer (D:13)
  14 jumping spiders (Spider:1)
  A queen bee (D:12)
  3 meliai (D:12)
  3 hornets
  7 trolls
  A polar bear (Lair:2)
  A troll (shapeshifter) (D:13)
  9 slime creatures
  6 merfolk (Shoals:1)
  3 wind drakes
  25 blink frogs
  22 redbacks (Spider:1)
  A shadow (D:12)
  10 tarantellas (Spider:1)
  7 water elementals
  45 yaks
  Eustachio (D:4)
  3 wraiths
  2 vampires (D:14)
  5 wyverns
  4 basilisks
  2 humans (Orc:2)
  15 wargs
  4 vampire mosquitoes (D:13)
  A soldier ant (D:15)
  Edmund (D:4)
  5 hell hounds (Lair:6)
  8 water moccasins
  2 acid dragons
  A hornet zombie (D:12)
  27 orc warriors
  2 black bears
  A swamp drake (D:10)
  9 ice beasts
  7 sky beasts
  33 wolves
  35 ogres
  2 phantoms (D:13)
  3 boggarts (D:15)
  8 centaurs
  6 big kobolds
  A gnoll sergeant (D:12)
  16 bullfrogs
  An earth elemental (Elf:1)
  3 wyvern zombies
  A water moccasin zombie (D:7)
  6 scorpions
  26 killer bees
  3 wyvern skeletons
  4 wights (D:6)
  7 electric eels
  A quasit (D:10)
  6 hounds
  17 orc priests
  2 bullfrog zombies
  2 jellies
  A gnoll shaman (D:4)
  32 orc wizards
  2 centaur skeletons
  15 hell rats
  5 iguanas
  7 worker ants
  A hound zombie (D:7)
  A hound skeleton (D:6)
  2 worker ant zombies
  11 gnolls
  10 adders
  5 river rats (Lair:1)
  2 shadow imps (D:7)
  10 white imps (IceCv)
  11 ufetubi
  9 worms
  3 dart slugs
  5 leopard geckos
  115 orcs
  6 ball pythons
  9 bats
  8 giant cockroaches
  14 goblins
  8 hobgoblins
  10 jackals
  2 quokkas (D:2)
  A ball python skeleton (D:4)
  3 frilled lizards
  A giant cockroach zombie (D:6)
  25 kobolds
  2 leopard gecko skeletons
  17 rats
1045 creatures vanquished.

Vanquished Creatures (collateral kills)
  A manticore (Shoals:1)
  A centaur zombie (D:12)
  A gargoyle (D:13)
  2 merfolk (Shoals:1)
  A slime creature (D:13)
  An orc warrior (D:9)
  3 wargs (D:9)
  A centaur (Shoals:1)
  9 orcs
  2 hobgoblins (Bailey)
22 creatures vanquished.

Vanquished Creatures (others)
  2 orc warriors
  A killer bee (D:12)
  3 white imps (IceCv)
  2 ufetubi (IceCv)
  A bush (Lair:4)
  25 fungi
  50 plants
84 creatures vanquished.

Grand Total: 1151 creatures vanquished

Notes
Turn   | Place    | Note
-------+----------+-------------------------------------------
     0 | D:1      | Amplified the Ogre Berserker began the quest for the Orb.
     0 | D:1      | Reached XP level 1. HP: 24/24 MP: 1/1
     9 | D:1      | Noticed an ogre
   234 | D:1      | Reached XP level 2. HP: 27/32 MP: 2/2
  1033 | D:2      | Reached skill level 1 in Axes
  1052 | D:2      | Found a shimmering altar of Xom.
  1052 | D:2      | Found a shimmering altar of Xom.
  1052 | D:2      | Found a shimmering altar of Xom.
  1053 | D:2      | Found a shimmering altar of Xom.
  1065 | D:2      | Reached XP level 3. HP: 12/40 MP: 3/3
  1358 | D:2      | Found a shimmering altar of Xom.
  1807 | D:2      | Reached skill level 5 in Fighting
  1807 | D:2      | Reached XP level 4. HP: 42/50 MP: 4/4
  1927 | D:2      | Reached skill level 1 in Armour
  2108 | D:2      | Reached ** piety under Trog
  2331 | D:2      | Reached XP level 5. HP: 18/57 MP: 5/5
  3164 | D:3      | Reached XP level 6. HP: 59/67 MP: 6/6
  3180 | D:3      | Reached skill level 6 in Fighting
  3252 | D:3      | Found a shimmering blue altar of Sif Muna.
  3420 | D:3      | Reached *** piety under Trog
  4653 | D:4      | Noticed Edmund
  4664 | D:4      | Killed Edmund
  4665 | D:4      | Reached XP level 7. HP: 76/76 MP: 7/7
  4695 | D:4      | Noticed Eustachio
  4902 | D:4      | Found a broken altar of Ashenzari.
  4982 | D:4      | Reached skill level 7 in Fighting
  5008 | D:4      | Killed Eustachio
  5287 | D:4      | Reached XP level 8. HP: 88/88 MP: 8/8
  5384 | D:4      | Found a stormy altar of Qazlal.
  5558 | D:4      | Reached skill level 5 in Axes
  5665 | D:5      | Entered Level 5 of the Dungeon
  5709 | D:5      | Reached skill level 8 in Fighting
  5840 | D:5      | Found Wuikhix's Distillery.
  5848 | D:5      | Bought a potion of heal wounds for 75 gold pieces
  5848 | D:5      | Bought a potion of heal wounds for 75 gold pieces
  5848 | D:5      | Bought a potion of curing for 45 gold pieces
  5991 | D:5      | Found Vuch's Jewellery Emporium.
  6124 | D:5      | Found a staircase to the Ecumenical Temple.
  6125 | D:5      | Found Loushe's Antique Weapon Shop.
  6319 | D:5      | Found Hentamm's Jewellery Shop.
  6506 | D:5      | Found Jezez's General Store.
  6512 | D:5      | Bought a scroll of magic mapping for 45 gold pieces
  6651 | D:6      | Found a sacrificial altar of Ru.
  6788 | D:6      | Found a broken altar of Ashenzari.
  6959 | D:6      | Reached **** piety under Trog
  7232 | D:6      | Reached skill level 9 in Fighting
  7633 | D:6      | Reached XP level 9. HP: 98/98 MP: 9/9
  7920 | D:7      | Noticed a hornet
  7976 | D:7      | Found a sparkling altar of Nemelex Xobeh.
  8170 | D:8      | Found a shadowy altar of Dithmenos.
  8346 | D:8      | Reached skill level 5 in Dodging
  8859 | D:8      | Reached skill level 10 in Fighting
  9119 | D:8      | Got a flickering sapphire amulet
  9519 | D:9      | Identified the amulet "Esied" {RegenMP rPois Will++ Str+10
                  | Dex-3} (You found it on level 8 of the Dungeon)
  9559 | D:9      | Noticed Erica
  9613 | D:9      | Noticed a troll
  9622 | D:9      | Killed a troll
  9653 | D:9      | Found a snail-covered altar of Cheibriados.
  9763 | D:9      | Found Nitanono's Distillery.
  9779 | D:9      | Reached skill level 11 in Fighting
  9779 | D:9      | Reached XP level 10. HP: 71/113 MP: 10/10
  9802 | D:9      | Bought a potion of heal wounds for 65 gold pieces
  9829 | D:9      | Found a flagged portal.
 10058 | Bailey   | Entered a bailey
 10075 | Bailey   | Noticed an orc knight
 10096 | Bailey   | Killed an orc knight
 10477 | Bailey   | Got an ichor-stained whip
 10659 | D:9      | Killed Erica
 10660 | D:9      | Reached skill level 12 in Fighting
 10660 | D:9      | Reached skill level 5 in Armour
 11582 | D:9      | Noticed an orc knight
 11583 | D:9      | Noticed an orc knight
 11608 | D:9      | Reached XP level 11. HP: 120/124 MP: 11/11
 11632 | D:9      | Killed an orc knight
 11840 | D:9      | Killed an orc knight
 12220 | D:9      | Noticed a centaur warrior
 12240 | D:9      | Killed a centaur warrior
 12241 | D:9      | Reached skill level 13 in Fighting
 12751 | D:9      | Identified the cursed +0 whip "Vinkad" {vorpal, rF- Int+3
                  | Dex+4} (You found it in a bailey)
 12883 | D:5      | Bought a bloodstained flail for 272 gold pieces
 12883 | D:5      | Identified the +8 flail of the Muttering Lamprey {vorpal,
                  | rC+} (You bought it in a shop on level 5 of the Dungeon)
 13783 | D:7      | Found a stormy altar of Qazlal.
 13948 | D:10     | Entered Level 10 of the Dungeon
 14010 | D:10     | Noticed a two-headed ogre
 14017 | D:10     | Killed a two-headed ogre
 14020 | D:10     | Identified the ring of the Thistle {Dex+2 Stlth+}
 14499 | D:10     | Found a staircase to the Orcish Mines.
 14774 | D:10     | Killed an unseen horror
 14774 | D:10     | Reached ***** piety under Trog
 15579 | D:10     | Reached skill level 10 in Axes
 15740 | D:11     | Killed an unseen horror
 15741 | D:11     | Reached skill level 1 in Evocations
 15963 | D:11     | Found a staircase to the Lair.
 16124 | D:11     | Found a frozen archway.
 16150 | D:11     | Reached skill level 14 in Fighting
 16219 | D:11     | Reached XP level 12. HP: 129/139 MP: 12/12
 16424 | IceCv    | Entered an ice cave
 18117 | IceCv    | Noticed a reaper
 18144 | IceCv    | Killed a reaper
 18175 | IceCv    | Found the +27 Lear's hauberk
 18898 | D:12     | You fall into a shaft and drop 2 floors!
 19017 | D:13     | Noticed a centaur warrior
 19030 | D:13     | Killed a centaur warrior
 19031 | D:13     | Reached skill level 15 in Fighting
 19292 | D:13     | Reached XP level 13. HP: 150/150 MP: 13/13
 19600 | D:13     | Reached skill level 5 in Evocations
 19849 | D:13     | Received a gift from Trog
 20140 | D:12     | Noticed a fire dragon
 20176 | D:12     | Killed a fire dragon
 20521 | D:12     | You fall into a shaft and drop 2 floors!
 21375 | D:14     | Reached skill level 16 in Fighting
 21696 | D:14     | Noticed a yaktaur captain
 23043 | Lair:1   | Entered Level 1 of the Lair of Beasts
 23159 | Lair:1   | Reached XP level 14. HP: 129/163 MP: 14/14
 24847 | Lair:2   | Found a hole to the Spider Nest.
 26499 | Lair:3   | Reached skill level 17 in Fighting
 26542 | Lair:3   | Identified the Catalogue of Mutagenic Summoning
 27798 | Lair:3   | Found a staircase to the Shoals.
 27798 | Lair:3   | Noticed Nergalle
 27806 | Lair:3   | Killed Nergalle
 27820 | Lair:3   | Received a gift from Trog
 29526 | Lair:5   | Reached XP level 15. HP: 98/174 MP: 5/15
 30700 | Lair:5   | You fall into a shaft and drop 1 floor!
 30700 | Lair:6   | Entered Level 6 of the Lair of Beasts
 31528 | Lair:6   | Reached skill level 18 in Fighting
 32151 | Lair:6   | Found a burning altar of Makhleb.
 32210 | Lair:6   | Found a gateway to Hell.
 32579 | Lair:6   | Found a viscous altar of Jiyva.
 32580 | Lair:6   | Found a staircase to the Slime Pits.
 33004 | Lair:6   | Reached skill level 10 in Dodging
 33322 | Orc:1    | Entered Level 1 of the Orcish Mines
 33498 | Orc:2    | Entered Level 2 of the Orcish Mines
 33563 | Orc:2    | Received a gift from Trog
 33605 | Orc:2    | HP: 13/267 [orc/boomerang (3)]
 33747 | Orc:2    | Found a flickering gateway to a bazaar.
 33837 | Orc:2    | Noticed Sonja
 33839 | Orc:2    | Reached XP level 16. HP: 151/188 MP: 5/16
 33845 | Orc:2    | Killed Sonja
 33950 | Orc:2    | Found Anocw's Armour Shoppe.
 33950 | Orc:2    | Found Ulan's Gadget Boutique.
 33951 | Orc:2    | Found Tezxih's Magic Scroll Boutique.
 33951 | Orc:2    | Found Xairghaf's Magic Scroll Emporium.
 34296 | Orc:2    | Found a shimmering altar of Xom.
 34296 | Orc:2    | Found a staircase to the Elven Halls.
 34549 | Bazaar   | Entered a bazaar
 34551 | Bazaar   | Found Pepluth's General Store.
 34555 | Bazaar   | Found Ycheile's Antique Weapon Boutique.
 34555 | Bazaar   | Found Exan's Gadget Boutique.
 34556 | Bazaar   | Found Geozo's Antique Weapon Boutique.
 34587 | Bazaar   | Bought a shimmering battleaxe for 218 gold pieces
 34600 | Bazaar   | Bought a potion of mutation for 104 gold pieces
 34605 | Bazaar   | Bought a condenser vane for 640 gold pieces
 34617 | Orc:2    | Identified the +7 battleaxe of Ashruheit {freeze, Stlth+}
                  | (You bought it in a shop in a bazaar)
 34922 | Orc:2    | Bought a scroll of acquirement for 780 gold pieces
 34922 | Orc:2    | Acquired a +1 hat
 35329 | Orc:1    | Received a gift from Trog
 35364 | Orc:1    | Found Ziuqylas's Assorted Antiques.
 35481 | Orc:1    | Bought a metallic inky potion for 30 gold pieces
 35549 | Elf:1    | Entered Level 1 of the Elven Halls
 36264 | Elf:1    | Reached skill level 10 in Evocations
 36278 | Elf:1    | Reached skill level 19 in Fighting
 37160 | Orc:1    | Bought a warped glass ring for 170 gold pieces
 37160 | Orc:1    | Identified the ring of the Hippo {Ice Str+4} (You bought it
                  | in a shop on level 1 of the Orcish Mines)
 37318 | Spider:1 | Entered Level 1 of the Spider Nest
 38402 | Spider:1 | Reached skill level 15 in Axes
 39802 | Spider:2 | Noticed Arachne
 40092 | Shoals:1 | Entered Level 1 of the Shoals
 40098 | Shoals:1 | Reached XP level 17. HP: 178/198 MP: 5/17
 40113 | Lair:3   | Received a gift from Trog
 41117 | D:14     | Found a gate to the Vaults.
 41237 | D:14     | Identified the Tome of Weightlessness and Toxins
 41873 | D:15     | Entered Level 15 of the Dungeon
 42103 | D:15     | Found an ancient bone altar of Kikubaaqudgha.
 42567 | D:15     | Found a staircase to the Depths.
 42584 | D:15     | Reached skill level 20 in Fighting
 43665 | Shoals:1 | Received a gift from Trog
 43884 | Shoals:1 | Reached skill level 10 in Armour
 44755 | Shoals:1 | You fall into a shaft and drop 1 floor!
 44789 | Shoals:2 | HP: 11/301 [harpy (6)]
 44793 | Shoals:2 | HP: 2/303 [merfolk/+0 trident (8)]
 44794 | Shoals:2 | Killed from afar by a manticore

Illustrated notes

Levels and vault maps discovered:
D:1:      evilmike_arrival_come_back, layout_basic
D:2:      layout_loops_ring, xom_redecorated
D:3:      layout_loops_ring, nicolae_overflow_hidden_temple, saegor_snake_ambush
D:4:      layout_basic, grunt_qazlal_sundering, chequers_serial_rivers_large_b,
          minmay_misc_feat_pillars, ashenzari_altar_1, uniq_eustachio,
          uniq_edmund
D:5:      layout_gridville, minmay_temple_entry_waves, serial_shops,
          nicolae_shop_temple_entry_statues_fountains, nicolae_shop_stone,
          nicolae_shop_competitors_out_of_business,
          nicolae_shop_competitors_out_of_business, nicolae_shop_behind_doors
D:6:      layout_basic, nicolae_ru_great_annihilating_truth,
          kennysheep_mini_moat, minivault_26, minmay_chambers_of_fives
D:7:      layout_rooms, lemuel_crystal_altar, basic_altar
D:8:      layout_basic, grunt_dithmenos_smoke_and_mirrors
D:9:      lemuel_castle_with_subvaults [lemuel_castle_interior_original],
          layout_irregular_city, slow_altar_2, serial_shops, shop,
          enter_bailey_8, kennysheep_generic_room_16, uniq_erica
D:10:     layout_basic, erik_orc_1, kennysheep_nondescript
D:11:     layout_cross, lair_entry_dummy, portal_ice_cave_entry_ice_beasts,
          evilmike_minifort
D:12:     layout_loops_ring, special_room [special_room_bee], minivault_25_ag,
          serial_bayou_pond_c
D:13:     layout_basic
D:14:     layout_cave_pools, david_vaults_2, kennysheep_boxes,
          minmay_stone_trees_small, kennysheep_two_boxes
D:15:     grunt_enter_depths_giant_problem, layout_irregular_city,
          old_standard_altar, minmay_strange_pillars, minivault_23
Lair:1:   layout_long_grid, kennysheep_abandoned_house
Lair:2:   layout_cave_pods, nicolae_spider_entry_non_spiders,
          serial_bayou_shore_a
Lair:3:   layout_cave_shapes, elwin_shoals_entry_rocks, uniq_nergalle
Lair:4:   layout_hall_layers, chequers_serial_rivers_micro_e
Lair:5:   layout_gridlike, lemuel_fruit_tree, infiniplex_staircase_pool
Lair:6:   evil_forest, layout_cave_pods, dpeg_slime_entry_enclosed_altar
Shoals:1: layout_shoals, nicolae_shoals_siren_and_animal_friends
Shoals:2: layout_shoals
Spider:1: layout_spider_delve, hangedman_spider_tarantella_strand
Spider:2: layout_spider_delve, uniq_arachne
Orc:1:    layout_caves, serial_shops, shop
Orc:2:    st_orc_ogre_mass, layout_diamond_mine, serial_shops,
          bzr_entry_customers, basic_altar, uniq_sonja
Elf:1:    eino_elf_arrival_the_gate, layout_loops_corners,
          minmay_elf_annihilation

Skill      XL: |  1  2  3  4  5  6  7  8  9 10 11 12 13 14 15 16 17 |
---------------+----------------------------------------------------+-----
Axes           | 1 2 3 4 6 7 9 10 11 12 13 14 15 | 15.8
Dodging        | 3 4 5 6 7 8 9 10 11 | 11.2
Fighting       | 5 6 7 9 11 12 14 15 16 17 18 19 20 | 20.3
Armour         | 1 2 3 4 5 6 7 8 9 10 | 10.0
Maces & Flails | 4 |  4.2
Evocations     | 1 4 6 8 9 10 11 | 11.4

Action                   |  1- 3 |  4- 6 |  7- 9 | 10-12 | 13-15 | 16-18 || total
-------------------------+-------+-------+-------+-------+-------+-------++-------
Melee: Mace              |     9 |       |       |       |       |       ||     9
       Hand axe          |    56 |   158 |   267 |   474 |   724 |       ||  1679
       Flail             |       |       |       |   189 |    42 |       ||   231
       Giant spiked club |       |       |       |     6 |       |       ||     6
       Battleaxe         |       |       |       |       |   435 |   686 ||  1121
Throw: Throwing net      |       |       |     1 |       |     2 |       ||     3
       Dart              |       |       |       |     6 |       |     3 ||     9
Invok: Trog's Hand       |       |     3 |     6 |    25 |    17 |    21 ||    72
       Berserk           |       |     4 |     4 |    22 |    12 |    14 ||    56
       Brothers in Arms  |       |       |       |     1 |     2 |       ||     3
Evoke: Wand              |       |       |     3 |    22 |    12 |    12 ||    49
       Tin of tremorston |       |       |       |     1 |     2 |       ||     3
       Box of beasts     |       |       |       |     1 |       |       ||     1
       Condenser vane    |       |       |       |       |       |     1 ||     1
  Use: Scroll            |     3 |     6 |     9 |    13 |    17 |    14 ||    62
       Potion            |       |     1 |     3 |    17 |     4 |    14 ||    39
 Stab: Sleeping          |     2 |     6 |     6 |       |       |       ||    14
       Distracted        |       |       |       |     2 |     1 |       ||     3
       Paralysed         |       |       |       |       |       |     3 ||     3
       Fleeing           |       |       |       |       |       |     1 ||     1
Armor: Animal skin       |    16 |    42 |    47 |    28 |       |       ||   133
       Robe              |       |       |       |    84 |       |       ||    84
       Skin              |       |       |       |    33 |       |       ||    33
       Troll leather arm |       |       |       |    20 |    26 |       ||    46
       Fire dragon scale |       |       |       |       |   499 |   487 ||   986
Dodge: Dodged            |    29 |    84 |   162 |   476 |   628 |   498 ||  1877
